 Dungeon Crawl Stone Soup version 0.16-a0-3843-ged98c6c (console) character file.

42 mauris the Vexing (level 3, 0/20 HPs)
             Began as a Deep Elf Arcane Marksman on Jan 30, 2015.
             Slain by a giant gecko (2 damage)
             ... on level 2 of the Dungeon.
             The game lasted 00:03:35 (2460 turns).

mauris the Vexing (Deep Elf Arcane Marksman)        Turns: 2460, Time: 00:03:35

Health: 0/20       AC:  2    Str:  8    XL:     3   Next: 33%
Magic:  9/9        EV: 13    Int: 17    God:
Gold:   29         SH:  0    Dex: 15    Spells: 1 memorised, 5 levels left

rFire  . . .     SeeInvis .     m - -1 dagger (curse)
rCold  . . .     Clarity  .     a - +0 robe
rNeg   . . .     SustAb   .     (no shield)
rPois  .         Gourm    .     (no helmet)
rElec  .         Spirit   .     (no cloak)
rCorr  .         Warding  .     (no gloves)
rMut   .         Stasis   .     (no boots)
MR     .....                    (no amulet)
Stlth  +.........               (no ring)
                                (no ring)

@: not resistant to hostile enchantments, very unstealthy
A: no striking features
a: no special abilities


You were on level 2 of the Dungeon.
You were not hungry.

You visited 1 branch of the dungeon, and saw 2 of its levels.

You collected 29 gold pieces.

Inventory:

Hand weapons
 j - a +0 club
 m - a cursed -1 dagger (weapon)
Armour
 a - a +0 robe (worn)
 p - a cursed +0 cloak
Scrolls
 k - a scroll of fear
 o - 2 scrolls of identify {@r1}
Potions
 b - a potion of resistance {unknown}
 e - 2 potions of curing {@q1}
 g - 2 potions of ambrosia {unknown}
 h - a potion of heal wounds {unknown}
 l - a potion of mutation {unknown}
Books
 d - a book of Debilitation

   Spells                             Type                      Level
   a - Corona                         Hexes                        1
   b - Slow                           Hexes                        2
   c - Inner Flame                    Hexes/Fire                   3
   d - Enslavement                    Hexes                        4
   e - Cause Fear                     Hexes                        4
   f - Leda's Liquefaction            Hexes/Earth                  4
Comestibles
 f - a bread ration
 i - a chunk of flesh


   Skills:
 + Level 1.2 Fighting
 + Level 2.6 Throwing
 + Level 2.9 Dodging
 + Level 2.2 Spellcasting
 + Level 4.5 Hexes


You had 5 spell levels left.
You knew the following spells:

 Your Spells              Type           Power        Failure   Level  Hunger
a - Corona                Hex            ###....      2%          1    #......


Dungeon Overview and Level Annotations

Branches:
Dungeon (2/15)

Altars:


Message History

* * * LOW HITPOINT WARNING * * *
The giant gecko bites you.
* * * LOW HITPOINT WARNING * * *
Huge Dmg: -25%(-5hp) hp: 15%(3hp) Throwing (i - inventory):
c - a throwing net (quivered)
Press: ? - help, Shift-Dir - straight line, f - giant gecko
Aim: a giant gecko (severely wounded, clinging)
You throw a throwing net.
The throwing net closely misses the giant gecko.
The giant gecko bites you.
* * * LOW HITPOINT WARNING * * *
Huge Dmg: -5%(-1hp) hp: 10%(2hp) Unknown command.
You aren't carrying any items that can be evoked.
Unknown command.
You see here 2 stones.
You hit the giant gecko but do no damage.
The giant gecko is severely wounded.
The giant gecko bites you.
You die...

#..#.# ##.## .##.#
#..####### #.#
#........# #.#
#.......># #.#
#..[.....# #$#
#####........# ##.#
#.(..........#
#..####.###........#
#(.)el.(# #........#
#....#######
#........# .......
#........# ...<(..
#........# ##(....
########## ###...
##.. ###


You could see a giant gecko.

Vanquished Creatures
  A worm (D:2)
  4 bats
  3 goblins
  7 hobgoblins
  3 jackals (D:1)
  A ball python (D:2)
  A giant newt (D:2)
  7 kobolds
  5 rats
32 creatures vanquished.

Notes
Turn   | Place    | Note
--------------------------------------------------------------
     0 | D:1      | mauris, the Deep Elf Arcane Marksman, began the quest for the Orb.
     0 | D:1      | Reached XP level 1. HP: 11/11 MP: 3/3
    31 | D:1      | Huge Dmg: 6 Dmg
   280 | D:1      | Reached skill level 1 in Fighting
   327 | D:1      | Huge Dmg: 6 Dmg
   337 | D:1      | Reached XP level 2. HP: 2/16 MP: 6/6
  1307 | D:1      | Huge Dmg: 3 Dmg
  1316 | D:1      | Huge Dmg: 4 Dmg
  1764 | D:2      | Huge Dmg: 4 Dmg
  1767 | D:2      | Reached XP level 3. HP: 12/20 MP: 9/9
  2229 | D:2      | Huge Dmg: 10 Dmg
  2453 | D:2      | Huge Dmg: 3 Dmg
  2456 | D:2      | Huge Dmg: 3 Dmg
  2457 | D:2      | Huge Dmg: 5 Dmg
  2458 | D:2      | Huge Dmg: 1 Dmg
  2460 | D:2      | Slain by a giant gecko

Action                   || total
-------------------------++-------
Melee: Unarmed           ||    68
       Dagger            ||   116
Throw: Javelin           ||    28
       Throwing net      ||     4
 Cast: Corona            ||     1
  Use: Scroll            ||     2
 Stab: Held in net/web   ||     1
       Sleeping          ||     1
  Eat: Chunk             ||     5

Vault maps used:
D:1:      lightli_arrival_quake
